 Dungeon Crawl Stone Soup version 0.24.1 (webtiles) character file.

Game seed: 13821059506558459721, levelgen mode: deterministic

6 lepoulpe303 the Sneak (level 1, 0/9 HPs)
             Began as a Spriggan Enchanter on Apr 2, 2020.
             Slain by a bat (1 damage)
             ... on level 1 of the Dungeon.
             The game lasted 00:03:38 (270 turns).

lepoulpe303 the Sneak (Spriggan Enchanter)           Turns: 270, Time: 00:03:39

Health: 0/9        AC:  2    Str:  4    XL:     1   Next: 75%
Magic:  5/5        EV: 18    Int: 16    God:
Gold:   17         SH:  0    Dex: 16    Spells: 4/5 levels left

rFire    . . .     SeeInvis +   a - +1 dagger
rCold    . . .     Gourm    .   (shield restricted)
rNeg     . . .     Faith    .   b - +0 robe
rPois    .         Spirit   .   (helmet restricted)
rElec    .         Reflect  .   (no cloak)
rCorr    .         Harm     .   (gloves unavailable)
MR       .....                  (boots unavailable)
Stlth    +++.......             (no amulet)
HPRegen  0.03/turn              (no ring)
MPRegen  0.09/turn              (no ring)

@: very quick
A: very small, unfitting armour, see invisible, herbivore, speed 3, slow
metabolism 2
a: no special abilities


You were on level 1 of the Dungeon.
You were not hungry.

You visited 1 branch of the dungeon, and saw 1 of its levels.

You collected 17 gold pieces.

Inventory:

Hand Weapons
 a - a +1 dagger (weapon)
 d - a +0 short sword
Armour
 b - a +0 robe (worn)
Scrolls
 c - a scroll of fear {unknown}
Comestibles
 e - a ration


   Skills:
 + Level 1.6 Short Blades
 - Level 3.0 Dodging
 + Level 4.8 Stealth
 - Level 2.6 Spellcasting
 - Level 3.6 Hexes


You had 4 spell levels left.
You knew the following spells:

 Your Spells              Type           Power        Failure   Level  Hunger
v - Corona                Hex            ##.....      4%          1    #......

Your spell library contained the following spells:

 Spells                   Type           Power        Failure   Level  Hunger
 Confuse                  Hex            ##......     13%         3    ###....
 Tukima's Dance           Hex            ##......     13%         3    ###....
 Ensorcelled Hibernation  Hex/Ice        #.....       14%         2    ##.....
 Dazzling Spray           Conj/Hex       #.....       28%         3    ###....


Dungeon Overview and Level Annotations

Branches:
Dungeon (1/15)

Altars:


Innate Abilities, Weirdness & Mutations

You are very small and have problems with some larger weapons.
You are too small for most types of armour.
You have supernaturally acute eyesight. (SInv)
You are a herbivore.
You cover ground extremely quickly.
You need to consume almost no food.


Message History

The bat completely misses you. The bat misses you.
A jackal comes into view.
The bat barely misses you. The kobold misses you.
The bat completely misses you. The bat misses you.
A hobgoblin comes into view. It is wielding a +0 club.
A jackal comes into view.
The bat barely misses you.
The jackal moves out of view.
The bat closely misses you.
A kobold comes into view. It is wielding a -3 short sword.
The jackal bites you.
* * * LOW HITPOINT WARNING * * *
You take 1 damage, and have 1/9 hp.
The jackal barks!
The kobold shouts!
The hobgoblin shouts!
The bat closely misses you.
The jackal barks!
You hear an angry hiss.
You hear a bark!
The bat hits you.
You die...

##........................
..#
#........l.(.......##..
#.#
#......Kh..............
#### #.#
#.r....h.......(.......
..# #.#
#...........###########
#.# #.###.....g.....#
##.####........?......#
##### ###
..h......h....h.......#
#...# #..
...#...K.#..K..b@.....#
#.8.# #..
.h.#####...K..........#
#...###..
.K.#####.........>....#
#........
.....##...##..........#
#.<......
........#.###........##
#........ ###†......#
##........# #...###..
#........## ####.#.#.#
#.8.# #.. ..####.....###
#.#.#.# #...# #.. .##
##..#...# #.#...# #####
###


You could see 4 jackals, a hobgoblin, a bat, 3 kobolds, a frilled lizard and a
rat.

Levels and vault maps discovered:
D:1:      minmay_arrival_hallway, layout_rooms

Notes
Turn   | Place    | Note
-------+----------+-------------------------------------------
     0 | D:1      | lepoulpe303 the Spriggan Enchanter began the quest for the
                  | Orb.
     0 | D:1      | Reached XP level 1. HP: 9/9 MP: 5/5
    66 | D:1      | Identified a +0 club
    85 | D:1      | Identified a +0 club
    91 | D:1      | Identified a +0 short sword
    92 | D:1      | HP: 2/9 [kobold (3)]
   133 | D:1      | Identified a +0 dagger
   148 | D:1      | HP: 2/9 [rat (1)]
   159 | D:1      | HP: 1/9 [jackal (2)]
   224 | D:1      | HP: 1/9 [jackal (1)]
   266 | D:1      | Identified a +0 club
   268 | D:1      | Identified a cursed -3 short sword
   268 | D:1      | HP: 1/9 [jackal (1)]
   270 | D:1      | Slain by a bat

Table legend:
 A = Turns spent in this place as a percentage of turns spent in the entire game.
 B = Non-inter-level travel turns spent in this place as a percentage of non-inter-level travel turns spent in the entire game.
 C = Inter-level travel turns spent in this place as a percentage of turns spent in this place.
 D = Turns resting spent in this place as a percentage of non-inter-level travel turns spent in this place.
 E = Turns spent auto-exploring this place as a percentage of non-inter-level travel turns spent in this place.
 F = Non-inter-level travel turns spent in this place divided by the number of levels of this place that you've seen.
                   A       B       C       D       E      F
               +-------+-------+-------+-------+-------+----------------------
         Total | 100.0 | 100.0 |   0.0 |   0.0 |  17.8 | 270.0
       Dungeon | 100.0 | 100.0 |   0.0 |   0.0 |  17.8 | 270.0
               +-------+-------+-------+-------+-------+----------------------

Table legend:
 A = Kills in this place as a percentage of kills in entire the game.
 B = Kills by you in this place as a percentage of kills by you in the entire game.
 C = Kills by friends in this place as a percentage of kills by friends in the entire game.
 D = Other kills in this place as a percentage of other kills in the entire game.
 E = Experience gained in this place as a percentage of experience gained in the entire game.
 F = Experience gained in this place divided by the number of levels of this place that you have seen.
                   A       B       C       D       E      F
               +-------+-------+-------+-------+-------+----------------------
         Total | 100.0 | 100.0 |   N/A |   N/A | 100.0 |   9.0
       Dungeon | 100.0 | 100.0 |   N/A |   N/A | 100.0 |   9.0
               +-------+-------+-------+-------+-------+----------------------

Action                   || total
-------------------------++-------
Melee: Dagger            ||    25
 Stab: Sleeping          ||     2
Armor: Robe              ||     3
Dodge: Dodged            ||    46

Vanquished Creatures
  A goblin (D:1)
  A hobgoblin (D:1)
  2 bats (D:1)
  2 rats (D:1)
6 creatures vanquished.
